 Dungeon Crawl Stone Soup version 0.22-a0-282-gdd34a7d (webtiles) character file.

124 Amnesiac the Magician (level 4, -5/27 HPs)
             Began as a Deep Elf Wizard on Mar 17, 2018.
             Splashed by Ijyb's acid (13 damage)
             ... on level 3 of the Dungeon.
             The game lasted 00:01:57 (2216 turns).

Amnesiac the Magician (Deep Elf Wizard)             Turns: 2216, Time: 00:01:58

Health: -5/27      AC:  2    Str:  4    XL:     4   Next: 81%
Magic:  12/12      EV: 13    Int: 24    God:
Gold:   72         SH:  0    Dex: 13    Spells: 1/12 levels left

rFire    . . .     SeeInvis .   o - +3 dagger
rCold    . . .     Gourm    .   (no shield)
rNeg     . . .     Faith    .   a - +0 robe
rPois    .         Spirit   .   b - +0 hat
rElec    .         Reflect  .   (no cloak)
rCorr    .         Harm     .   (no gloves)
MR       .....                  (no boots)
Stlth    ++........             (no amulet)
HPRegen  0.09/turn              (no ring)
MPRegen  0.13/turn              (no ring)

@: no status effects
A: no striking features
a: no special abilities


You were on level 3 of the Dungeon.
You were not hungry.

You visited 1 branch of the dungeon, and saw 3 of its levels.

You collected 72 gold pieces.

Inventory:

Hand Weapons
 o - a +3 dagger (weapon)
Armour
 a - a +0 robe (worn)
 b - a +0 hat (worn)
Scrolls
 e - 2 scrolls of immolation {!r, unknown}
 f - a scroll of enchant weapon {!r, unknown}
 h - a scroll of enchant armour {!r, unknown}
 j - 4 scrolls of identify {!r, unknown}
 k - a scroll of magic mapping {!r, unknown}
 m - a scroll of amnesia {!r, unknown}
Potions
 g - a potion of heal wounds {!q, unknown}
 i - 3 potions of berserk rage {!q, unknown}
 l - a potion of curing {!q, unknown}
 n - a potion of lignification {!q, unknown}
 p - a potion of degeneration {!q, unknown}
 q - a potion of cancellation {!q, unknown}
 r - a potion of haste {!q, unknown}
Comestibles
 d - 4 rations


   Skills:
 - Level 2.4 Fighting
 - Level 2.4 Dodging
 - Level 2.4 Stealth
 - Level 4.5 Spellcasting
 + Level 3.6 Conjurations
 - Level 1.1 Summonings
 - Level 1.1 Translocations


You had one spell level left.
You knew the following spells:

 Your Spells              Type           Power        Failure   Level  Hunger
a - Magic Dart            Conj           ###.         1%          1    None
b - Call Imp              Summ           ##......     9%          2    None
e - Mephitic Cloud        Conj/Pois/Air  ##......     17%         3    ##.....
s - Conjure Flame         Conj/Fire      ##......     13%         3    ##.....
v - Blink                 Tloc           N/A          9%          2    None


Dungeon Overview and Level Annotations

Branches:
Dungeon (3/15)

Altars:

Annotations:
D:3 Ijyb


Message History

Aiming: Magic Dart (safe; 2% risk of failure)
Press: ? - help, Shift-Dir - straight line, f/p - leopard gecko
Aim: a leopard gecko (heavily wounded, clinging)
The magic dart hits the leopard gecko.
The leopard gecko is severely wounded.
The leopard gecko bites you.
Casting: Magic Dart (safe; 2% risk of failure)
Confirm with . or Enter, or press ? or * to list all spells.
Aiming: Magic Dart (safe; 2% risk of failure)
Press: ? - help, Shift-Dir - straight line, f/p - leopard gecko
Aim: a leopard gecko (severely wounded, clinging)
The magic dart hits the leopard gecko.
The leopard gecko is severely wounded.
The leopard gecko bites you but does no damage.
The leopard gecko barely misses you.
A worm comes into view.
Casting: Magic Dart (safe; 2% risk of failure)
Confirm with . or Enter, or press ? or * to list all spells.
Aiming: Magic Dart (safe; 2% risk of failure)
Press: ? - help, Shift-Dir - straight line, f/p - leopard gecko
Aim: a leopard gecko (severely wounded, clinging)
The magic dart hits the leopard gecko.
You kill the leopard gecko!
The kobold hits you but does no damage.
You climb upwards.
There is a stone staircase leading down here.
Casting: Magic Dart (safe; 1% risk of failure)
Confirm with . or Enter, or press ? or * to list all spells.
Aiming: Magic Dart (safe; 1% risk of failure)
Press: ? - help, Shift-Dir - straight line, f - kobold
Aim: a kobold, wielding a club The magic dart hits the kobold.
You kill the kobold!
Casting: Magic Dart (safe; 1% risk of failure)
Confirm with . or Enter, or press ? or * to list all spells.
You can't see any susceptible monsters within range! (Use Z to cast anyway.)
Casting: Magic Dart (safe; 1% risk of failure)
Confirm with . or Enter, or press ? or * to list all spells.
You can't see any susceptible monsters within range! (Use Z to cast anyway.)
Things that are here:
a club; a kobold corpse You see here a spear.
You see here a spear.
There is an escape hatch in the floor here.
Eating a chunk of flesh.
You eat the chunk of flesh.
This raw flesh tastes terrible.
There is a stone staircase leading down here.
You start resting.
HP restored.
You start resting.
Magic restored.
You start resting.
Magic restored.
You start resting.
HP restored.
You climb downwards.
Level annotation: Ijyb
Found 9 gold pieces.
Found a stone staircase leading down.
There is a stone staircase leading up here.
Ijyb zaps a wand.
The bolt of acid hits you!
Ouch! That really hurt!
* * * LOW HITPOINT WARNING * * *
You are splashed with acid!
The acid burns!
You die...

$. ......
.#..####.....
....#.......
........$..
#.........#
..........#
>....[....#####
#...g..@.......
#.............#
#[.w...........
#<.............
#)......$....#.
#.............>
...............
........)......
#.........


You could see Ijyb and a worm.

Vanquished Creatures
  3 gnolls
  5 adders (D:2)
  3 dart slugs
  4 leopard geckos
  An orc (D:3)
  2 giant cockroaches (D:1)
  3 goblins
  2 hobgoblins
  3 jackals (D:1)
  5 kobolds
  A quokka (D:2)
  4 bats
  3 frilled lizards
  5 rats
44 creatures vanquished.

Notes
Turn   | Place    | Note
-------+----------+-------------------------------------------
     0 | D:1      | Amnesiac the Deep Elf Wizard began the quest for the Orb.
     0 | D:1      | Reached XP level 1. HP: 10/10 MP: 7/7
   421 | D:1      | Reached XP level 2. HP: 16/16 MP: 6/9
   428 | D:1      | Reached skill level 1 in Fighting
   592 | D:1      | Learned a level 2 spell: Blink
   595 | D:1      | Learned a level 2 spell: Call Imp
  1026 | D:1      | Reached XP level 3. HP: 12/21 MP: 2/11
  1031 | D:1      | Learned a level 3 spell: Conjure Flame
  1035 | D:1      | Learned a level 3 spell: Mephitic Cloud
  1321 | D:2      | Reached XP level 4. HP: 27/27 MP: 7/12
  2084 | D:3      | Noticed Ijyb
  2216 | D:3      | Splashed by Ijyb's acid

Vault maps used:
D:1:      saegor_arrival_simple_c
D:3:      first_ration, serial_bayou, serial_bayou_pond_a, serial_bayou_shore_b,
          serial_bayou_pond_c, serial_bayou_pond_a, serial_bayou_lagoon_a,
          grunt_dithmenos_smoke_and_mirrors, uniq_jessica, uniq_ijyb

Skill      XL: |  1  2  3  4 |
---------------+-------------+-----
Fighting       | 1 2 |  2.4
Conjurations   | 2 3 |  3.6
Dodging        | |  2.4
Stealth        | |  2.4
Spellcasting   | |  4.5
Summonings     | |  1.1
Translocations | |  1.1

Action                   |  1- 3 |  4- 6 || total
-------------------------+-------+-------++-------
Melee: Unarmed           |    14 |       ||    14
       Dagger            |       |     8 ||     8
 Cast: Magic Dart        |    77 |    39 ||   116
 Stab: Sleeping          |     1 |       ||     1
  Eat: Chunk             |     1 |     3 ||     4
Armor: Robe              |     5 |     3 ||     8
Dodge: Dodged            |    25 |     9 ||    34

Table legend:
 A = Spawn XP
 B = Non-spawn XP
 C = Spawn XP percentage of total XP
 D = Spawn monster count
 E = Non-spawn monster count
 F = Spawn count percentage of total count
 G = Total turns spent on level
                    A         B        C        D         E        F      G
               +---------+---------+-------+---------+---------+-------+---------
         Total |       0 |     178 |   0.0 |       0 |      44 |   0.0 |  2216
               +---------+---------+-------+---------+---------+-------+---------
           D:1 |       0 |      53 |   0.0 |       0 |      21 |   0.0 |  1080
           D:2 |       0 |     115 |   0.0 |       0 |      18 |   0.0 |  1120
           D:3 |       0 |      10 |   0.0 |       0 |       5 |   0.0 |    16
               +---------+---------+-------+---------+---------+-------+---------
